 Dungeon Crawl Stone Soup version 0.28.0-43-g3370ac3207 (webtiles) character file.

Game seed: 13133317048609335999

48279 sanboga the Cleaver (level 14, -11/107 HPs)
             Began as a Gargoyle Fighter on Mar 29, 2022.
             Was a High Priest of Trog.
             Blown up by a cacodemon (29 damage)
             ... with a bolt of energy
             ... on level 15 of the Dungeon.
             The game lasted 00:30:38 (14971 turns).

sanboga the Cleaver (Gargoyle Fighter)             Turns: 14971, Time: 00:30:39

Health: -11/107    AC: 33    Str: 25      XL:     14   Next: 45%
Magic:  14/14      EV:  7    Int:  6 (9)  God:    Trog [*****.]
Gold:   629        SH:  0    Dex:  9      Spells: 13/13 levels left

rFire   + + .      SeeInvis +   a - +0 war axe (elec)
rCold   + . .      Faith    .   c - +0 buckler
rNeg    + . .      Spirit   .   l - +2 plate armour {rF+}
rPois   ∞          Reflect  .   D - +0 helmet
rElec   +          Harm     .   m - scarf {rC+ rF+}
rCorr   .          Rampage  +   (no gloves)
Will    ++...      Rage     1%  z - +2 pair of boots {rampage}
Stlth   ..........              F - amulet of Vitality {Regen+ HP+15}
HPRegen 1.07/turn               w - ring of willpower
MPRegen 0.14/turn               A - ring of see invisible

@: confused, on berserk cooldown, flying, slowed, very slow
A: sickness immunity, AC +10, big wings, negative energy resistance 1,
electricity resistance, torment resistance 1, petrification resistance, berserk
1
a: Renounce Religion, Berserk, Trog's Hand, Brothers in Arms


You were on level 15 of the Dungeon.
You worshipped Trog.
Trog was extremely pleased with you.
You visited 3 branches of the dungeon, and saw 17 of its levels.
You also visited: Bailey.

You collected 1059 gold pieces.
You spent 430 gold pieces at shops.

Inventory:

Hand Weapons
 a - a +0 war axe of electrocution (weapon)
 b - a +2 war axe of flaming
 h - a +2 vampiric war axe
Armour
 c - a +0 buckler (worn)
 l - a +2 plate armour of fire resistance (worn)
 m - a scarf of resistance (worn)
 z - a +2 pair of boots of rampaging (worn)
 D - a +0 helmet (worn)
Jewellery
 w - a ring of willpower (left hand)
 A - a ring of see invisible (right hand)
 F - the amulet of Vitality (around neck) {Regen+ HP+15}
   (You found it on level 8 of the Dungeon)

   [amulet of regeneration]

   HP:        It affects your health (+15).
   Regen:     It increases your rate of health regeneration.
Wands
 p - a wand of paralysis (20)
 r - a wand of iceblast (8)
 t - a wand of flame (26)
 v - a wand of mindburst (18)
 C - a wand of digging (9)
 G - a wand of polymorph (1)
Scrolls
 e - 4 scrolls of fog
 f - 6 scrolls of teleportation
 j - a scroll of silence
 q - 3 scrolls of enchant armour
 s - 3 scrolls of fear
 u - 2 scrolls of magic mapping
 x - a scroll of holy word
 y - 2 scrolls of blinking
 N - a scroll of identify
 O - a scroll of enchant weapon
Potions
 d - 3 potions of cancellation
 g - 2 potions of flight {unknown}
 i - 5 potions of heal wounds
 k - 2 potions of lignification {unknown}
 n - a potion of resistance
 o - 3 potions of mutation
 B - 2 potions of invisibility
 E - a potion of might
 H - 2 potions of magic
 I - a potion of degeneration {unknown}
 J - 2 potions of curing {unknown}
 K - a potion of brilliance {unknown}
 L - 2 potions of berserk rage
 M - a potion of ambrosia {unknown}
 P - a potion of experience {unknown}


   Skills:
 + Level 12.7 Fighting
 * Level 14.5 Axes
 + Level 12.8 Armour
 + Level 12.7 Shields


You had 13 spell levels left.
You didn't know any spells.
Your spell library contained the following spells:

 Spells                   Type           Power      Damage    Failure   Level
 Summon Small Mammal      Summ           0%         N/A       99%         1
 Ensorcelled Hibernation  Hex/Ice        0%         N/A       100%        2
 Passwall                 Tmut/Erth      0%         N/A       100%        2
 Call Canine Familiar     Summ           0%         N/A       100%        3
 Confusing Touch          Hex            0%         N/A       100%        3
 Dazzling Flash           Conj/Hex       0%         N/A       100%        3
 Gell's Gravitas          Tloc           0%         N/A       100%        3
 Lesser Beckoning         Tloc           0%         N/A       100%        3
 Ozocubu's Armour         Ice            0%         N/A       100%        3
 Summon Guardian Golem    Hex/Summ       0%         N/A       100%        3
 Swiftness                Air            0%         N/A       100%        3
 Teleport Other           Tloc           0%         N/A       100%        3
 Agony                    Necr           0%         N/A       100%        5
 Metabolic Englaciation   Hex/Ice        0%         N/A       100%        5
 Silence                  Hex/Air        0%         N/A       100%        5
 Yara's Violent Unravell  Hex/Tmut       0%         3d3       100%        5
 Simulacrum               Ice/Necr       0%         N/A       100%        6
 Enfeeble                 Hex            0%         N/A       100%        7


Dungeon Overview and Level Annotations

Branches:
Dungeon (15/15)            Temple (1/1) D:7            Lair (0/6) D:8
    Orc (1/2) D:9          Vaults (0/5) D:13         Depths (0/4) D:15
 Bailey (visited)

Altars:
Ashenzari
Cheibriados
Dithmenos
Elyvilon
Fedhas
Gozag
Hepliaklqana
Kikubaaqudgha
Makhleb
Nemelex Xobeh
Okawaru
Qazlal
Ru
Sif Muna
Trog
Uskayaw
Vehumet
Wu Jian
Xom
Yredelemnul
Zin
The Shining One

Shops:
D:3 ?(*[*   D:6 ?*!(=

Annotations:
D:7 1 runed translucent door, weregamer's ghost, novice MiBe
D:8 4 runed translucent doors
D:15 Uwkoecio's ghost, journeyman HOFi
Orc:1 Jorgrun


Innate Abilities, Weirdness & Mutations

You are immune to sickness and miasma.
Your stone body is resilient. (AC +10)
You are immune to poison.
Your large and strong wings let you fly.
You resist negative energy. (rN+)
You are resistant to electric shocks. (rElec)
You are resistant to unholy torment.
You are immune to petrification.
You tend to lose your temper in combat.


Message History

The cacodemon hits you but does no damage.
You feel a strong urge to attack something.
You are no longer berserk.
You are exhausted.
You feel yourself slow down. The golden eye blinks at you.
You resist with almost no effort.
You hit the cacodemon but do no damage.
The cacodemon is almost dead.
You completely miss the golden eye.
The cacodemon hits you but does no damage.
The cacodemon hits you!
* * * LOW HITPOINT WARNING * * *
The golden eye blinks!
The golden eye turns its gaze towards you.
The golden eye blinks at you.
You are more confused.
The golden eye is engulfed in mutagenic fog.
The golden eye twists and deforms.
Uwkoecio's ghost hits you but does no damage.
The cacodemon hits you!
* * * LOW HITPOINT WARNING * * *
The cacodemon hits you!
* * * LOW HITPOINT WARNING * * *
You are too confused!
You feel much better.
The golden eye changes into a howler monkey!
Uwkoecio's ghost closely misses you.
The cacodemon hits you but does no damage.
The cacodemon closely misses you.
Uwkoecio's ghost hits you but does no damage.
It was a potion of magic.
Magic courses through your body. The cacodemon hits you!
* * * LOW HITPOINT WARNING * * *
The cacodemon hits you.
* * * LOW HITPOINT WARNING * * *
Uwkoecio's ghost hits you but does no damage.
The cacodemon gestures at you. The bolt of energy hits you!!
You die...

.# #.# ##############.....
.#######.######§§§§§##...........
.............#.§§!§§§###.........
.............#.......# #.........
.............#.#§..#.# #.........
.............#.......# #.........
.............###h''### #.........
.....######..#..W2§..# #.........
.....# #..#.#@..#§# #.#+###...
.....# #..##.#§#§####.#...#...
.....# #..#.#...#.#...#...#...
.....# #..#...#...#...#...#...
.....# #..#.#...#.#...###'#...
.....# #..#.......#...........
.....######..###†''###....#'#####
.............#..†.†..#....#......
............=.............#......


You could see a cacodemon, a howler monkey shaped shifter and Uwkoecio's ghost.

Vanquished Creatures
  A stone giant (D:15)
  A fire dragon (D:15)
  2 boulder beetles
  3 hydras
  3 centaur warriors
  A catoblepas (D:15)
  4 two-headed ogres
  2 tengu warriors (D:15)
  A deep troll (shapeshifter) (D:15)
  A glowing orange brain (D:15)
  5 skeletal warriors (D:14)
  A necromancer (D:13)
  Pikel (D:6)
  A deep elf pyromancer (D:13)
  5 cyclopes
  26 ugly things
  A manticore (D:10)
  3 gargoyles
  2 unseen horrors
  Maggie (D:7)
  4 yaktaurs (D:15)
  A kobold demonologist (D:12)
  2 komodo dragons (D:8)
  A rime drake (shapeshifter) (D:15)
  2 tengu conjurers (D:15)
  2 efreet
  A yaktaur (shapeshifter) (D:15)
  2 freezing wraiths
  4 trolls
  17 slime creatures
  Grinder (D:3)
  A centaur simulacrum (D:15)
  2 wraiths
  2 wyverns (D:8)
  A vampire (D:13)
  A culicivora (shapeshifter) (D:15)
  A shadow (D:8)
  3 basilisks
  11 yaks
  3 steam dragons
  2 neqoxecs (D:15)
  5 vampire mosquitoes
  Menkaure (D:7)
  5 water moccasins
  An acid dragon (D:10)
  7 orc warriors
  A sky beast (D:6)
  A black bear (D:8)
  An ice beast (D:7)
  2 ogres
  5 wolves (Bailey)
  7 centaurs
  3 lemures (D:6)
  Blork the orc (D:5)
  7 kobold brigands
  8 gnoll sergeants
  3 scorpions
  A wyvern zombie (D:8)
  2 killer bees (D:8)
  8 wights (D:8)
  4 howler monkeys
  A jelly (D:6)
  A centaur skeleton (D:7)
  4 centaur zombies
  9 orc priests
  A bullfrog skeleton (D:5)
  3 hounds
  8 gnoll shamans
  An iguana (D:5)
  A scorpion zombie (D:3)
  12 orc wizards
  A killer bee zombie (D:8)
  2 hound skeletons
  2 howler monkey zombies
  16 gnolls
  7 adders
  2 shadow imps
  An ufetubus (D:7)
  3 worms
  A dart slug (D:5)
  38 orcs
  7 ball pythons
  5 bats
  8 endoplasms
  2 giant cockroaches
  5 goblins
  8 hobgoblins
  5 jackals
  17 kobolds
  6 quokkas
  A frilled lizard (D:3)
  4 rats
384 creatures vanquished.

Vanquished Creatures (others)
  26 plants (D:6)
26 creatures vanquished.

Grand Total: 410 creatures vanquished

Notes
Turn   | Place    | Note
-------+----------+-------------------------------------------
     0 | D:1      | sanboga the Gargoyle Fighter began the quest for the Orb.
     0 | D:1      | Reached XP level 1. HP: 14/14 MP: 1/1
   123 | D:1      | Reached skill level 2 in Axes
   141 | D:1      | Reached XP level 2. HP: 19/19 MP: 2/2
   249 | D:1      | Noticed a golden eye
   250 | D:1      | Found a faded altar of an unknown god.
   433 | D:1      | Noticed a shining eye
   437 | D:1      | Noticed a shining eye
   437 | D:1      | Noticed an eye of devastation
   790 | D:2      | Reached XP level 3. HP: 16/23 MP: 3/3
  1354 | D:3      | Found Laggujorr's Magic Scroll Boutique.
  1355 | D:3      | Found Meeled's Weapon Boutique.
  1451 | D:3      | Bought a scroll of enchant armour for 105 gold pieces
  1583 | D:3      | Found Plog's General Store.
  1648 | D:3      | Found Puapt's Antique Armour Shop.
  1724 | D:3      | Noticed Grinder
  1734 | D:3      | Reached XP level 4. HP: 25/29 MP: 4/4
  1734 | D:3      | Killed Grinder
  1735 | D:3      | Reached skill level 3 in Axes
  1735 | D:3      | Reached XP level 5. HP: 29/34 MP: 5/5
  1735 | D:3      | Reached XP level 6. HP: 34/39 MP: 6/6
  1880 | D:3      | Reached skill level 4 in Axes
  1995 | D:3      | Found Neapauch's Assorted Antiques.
  2001 | D:3      | Bought a scroll labelled ROYWIZO LYSERGH for 22 gold pieces
  2001 | D:3      | Bought a scroll labelled DOKHE QIRGHUODGH for 22 gold
                  | pieces
  2718 | D:4      | Found a broken altar of Ashenzari.
  3066 | D:4      | Identified the +5 ring mail "Fegeng" {Int+5}
  3103 | D:5      | Entered Level 5 of the Dungeon
  3120 | D:5      | Reached XP level 7. HP: 44/44 MP: 7/7
  3184 | D:5      | Noticed a vampire mosquito
  3185 | D:5      | Noticed a vampire mosquito
  3185 | D:5      | Noticed a vampire mosquito
  3190 | D:5      | Killed a vampire mosquito
  3191 | D:5      | Reached skill level 5 in Fighting
  3191 | D:5      | Reached skill level 5 in Armour
  3191 | D:5      | Reached skill level 5 in Shields
  3194 | D:5      | Killed a vampire mosquito
  3195 | D:5      | Reached skill level 5 in Axes
  3198 | D:5      | Reached XP level 8. HP: 50/50 MP: 8/8
  3469 | D:5      | Reached skill level 6 in Axes
  3741 | D:5      | Noticed Blork the orc
  3758 | D:5      | Killed Blork the orc
  4287 | D:3      | Bought a scroll of identify for 28 gold pieces
  4287 | D:3      | Bought a scroll of teleportation for 42 gold pieces
  4378 | D:6      | Reached XP level 9. HP: 56/56 MP: 9/9
  4386 | D:6      | Found Padargh's Distillery.
  4389 | D:6      | Found Otiepu Fofe's Weapon Shoppe.
  4430 | D:6      | Found Heunel's Jewellery Boutique.
  4463 | D:6      | Noticed Pikel
  4480 | D:6      | Killed Pikel
  4481 | D:6      | Reached skill level 7 in Axes
  4684 | D:6      | Found Ippolibbaa's Magic Scroll Shoppe.
  4762 | D:6      | Found Erchaetoc's Assorted Antiques.
  4837 | D:6      | Bought a scroll labelled ROPNESHRUZEA for 25 gold pieces
  5134 | D:7      | Found a runed translucent door.
  5141 | D:7      | Noticed weregamer's ghost (novice MiBe)
  5196 | D:7      | Reached skill level 8 in Axes
  5318 | D:7      | Reached XP level 10. HP: 60/63 MP: 10/10
  5420 | D:7      | Noticed Menkaure
  5426 | D:7      | Killed Menkaure
  5534 | D:7      | Noticed Maggie
  5553 | D:7      | Killed Maggie
  5760 | D:7      | Found a staircase to the Ecumenical Temple.
  6003 | Temple   | Entered the Ecumenical Temple
  6018 | Temple   | Became a worshipper of Trog the Wrathful
  6288 | D:8      | Found a large runed translucent door.
  6288 | D:8      | Found a large runed translucent door.
  6292 | D:8      | Found a large runed translucent door.
  6292 | D:8      | Found a large runed translucent door.
  6372 | D:8      | Identified the ring "Ritixaf" {Ice rN+}
  6402 | D:8      | Reached skill level 9 in Axes
  6575 | D:8      | Found a staircase to the Lair.
  6748 | D:6      | Bought a +1 war axe of flaming for 186 gold pieces
  7154 | D:8      | Reached * piety under Trog
  7238 | D:8      | Noticed a centaur warrior
  7525 | D:8      | Killed a centaur warrior
  7644 | D:8      | Reached XP level 11. HP: 69/69 MP: 11/11
  7685 | D:8      | Found the amulet of Vitality {Regen+ HP+15}
  7802 | D:8      | Reached skill level 10 in Axes
  7845 | D:8      | Found a runed translucent door.
  7845 | D:8      | Noticed a cyclops
  7846 | D:8      | Found a runed translucent door.
  7874 | D:8      | Noticed a five-headed hydra
  7885 | D:8      | Killed a one-headed hydra
  8151 | D:8      | Identified the +5 dagger of the Lusting Lamprey {vorpal,
                  | Fragile rPois Dex+4 SInv}
  8308 | D:9      | Found a staircase to the Orcish Mines.
  8358 | D:9      | Identified the amulet of the Trout {Faith rPois rF- rC-
                  | Will+++}
  8373 | D:9      | Reached ** piety under Trog
  8733 | Orc:1    | Entered Level 1 of the Orcish Mines
  8769 | Orc:1    | Noticed an orc knight
  8772 | Orc:1    | Noticed Jorgrun
  8808 | D:10     | Entered Level 10 of the Dungeon
  8821 | D:10     | Found a flagged portal.
  8840 | Bailey   | Entered a bailey
  9043 | Bailey   | Reached *** piety under Trog
  9283 | D:10     | Noticed a manticore
  9291 | D:10     | Killed a manticore
  9403 | D:10     | Reached skill level 11 in Axes
  9962 | D:11     | Noticed a red ugly thing
  9963 | D:11     | Reached skill level 10 in Armour
  9963 | D:11     | Reached skill level 10 in Shields
  9963 | D:11     | Reached XP level 12. HP: 77/77 MP: 12/12
  9980 | D:11     | Reached skill level 10 in Fighting
 10073 | D:11     | Noticed a two-headed ogre
 10086 | D:11     | Killed a two-headed ogre
 10160 | D:11     | Noticed a boulder beetle
 10207 | D:11     | Killed a boulder beetle
 10531 | D:11     | Noticed a two-headed ogre
 10540 | D:11     | Killed a two-headed ogre
 10748 | D:12     | Reached skill level 12 in Axes
 10792 | D:12     | Noticed a boulder beetle
 10833 | D:12     | Killed a boulder beetle
 10875 | D:12     | Found a basalt altar of Yredelemnul.
 10914 | D:12     | Noticed a seven-headed hydra
 10924 | D:12     | Killed a one-headed hydra
 11177 | D:12     | Noticed Sonja
 11181 | D:12     | Noticed Sonja
 11181 | D:12     | Sonja changed into Sonja the gnoll
 11185 | D:12     | Killed Sonja the gnoll
 11337 | D:12     | Noticed a two-headed ogre
 11351 | D:12     | Killed a two-headed ogre
 12011 | D:13     | Reached **** piety under Trog
 12070 | D:13     | Noticed a two-headed ogre
 12081 | D:13     | Reached XP level 13. HP: 84/84 MP: 13/13
 12413 | D:13     | Found a gate to the Vaults.
 12514 | D:13     | Reached skill level 13 in Axes
 13376 | D:14     | Identified the +3 robe of Submission {Drain Regen+ Str+5
                  | Dex-4}
 13955 | D:15     | Entered Level 15 of the Dungeon
 13991 | D:15     | Found a runed translucent gate.
 13991 | D:15     | Found a runed translucent gate.
 13991 | D:15     | Found a runed translucent gate.
 14128 | D:15     | Gained mutation: Your large and strong wings let you fly.
                  | [Gargoyle growth]
 14128 | D:15     | Reached XP level 14. HP: 92/92 MP: 14/14
 14292 | D:15     | Reached skill level 14 in Axes
 14445 | D:15     | Reached ***** piety under Trog
 14656 | D:15     | Noticed a broodmother
 14656 | D:15     | an anaconda changed into a broodmother
 14797 | D:15     | Found a staircase to the Depths.
 14797 | D:15     | Noticed a stone giant
 14805 | D:15     | Killed a stone giant
 14900 | D:15     | Found a runed translucent gate.
 14900 | D:15     | Found a runed translucent gate.
 14901 | D:15     | Noticed a cacodemon
 14908 | D:15     | Found a runed translucent gate.
 14908 | D:15     | Noticed Uwkoecio's ghost (journeyman HOFi)
 14959 | D:15     | Gained mutation: You tend to lose your temper in combat. [a
                  | neqoxec]
 14971 | D:15     | Blown up by a cacodemon

Illustrated notes

Levels and vault maps discovered:
D:1:      amcnicky_arrival_choice, layout_rooms,
          hellmonk_ecumenical_altar_watching_god
D:2:      layout_rooms
D:3:      minmay_inner_zag, layout_basic, serial_shops, shop,
          nicolae_shop_waterfront, shop, shop,
          nicolae_shop_temple_entry_statues_fountains, grunt_decor_cap,
          chequers_serial_rivers_micro_b, uniq_grinder
D:4:      layout_rooms, cheibrodos_ashenzari_chains, grunt_ministairs_10
D:5:      layout_loops_corners, uniq_blork_the_orc
D:6:      layout_rooms, serial_shops, nicolae_inconvenience_store,
          nicolae_shop_window_shopping, nicolae_lakefront_shop,
          nicolae_shop_crystal, kennysheep_mini, nicolae_grassy_gnolls,
          uniq_pikel
D:7:      layout_basic, minmay_temple_entry_antechambers,
          ebering_ghost_reflecting_pool, uniq_menkaure, uniq_maggie
D:8:      minmay_the_grid_four_pointed_star
          [minmay_the_grid_triangle_9x9_tough_junction,
          minmay_the_grid_triangle_9x9_steps,
          minmay_the_grid_triangle_9x9_pentomino_pain,
          minmay_the_grid_triangle_9x9_from_above,
          minmay_the_grid_prize_four_corners_diamond_b], layout_basic,
          minivault_1, minmay_hollow_rounded_squares
D:9:      layout_roguey, david_orc_3
D:10:     minmay_distorted_concentric_squares, layout_gridville, enter_bailey_5,
          chequers_serial_rivers_small_3
D:11:     layout_loops_ring
D:12:     layout_layer_cave, yredelemnul_altar_generic, uniq_sonja
D:13:     layout_stronghold, david_vaults_1
D:14:     layout_gridville, chequers_serial_rivers_large_b,
          minmay_parallelograms
D:15:     grunt_enter_depths_snipers, layout_irregular_city,
          ploomutoo_gammafunk_ghost_potion_laboratory,
          chequers_serial_rivers_micro_e, evilmike_butchery
Temple:   nicolae_temple_the_god_donut
Orc:1:    layout_diamond_mine, uniq_jorgrun

Skill      XL: |  1  2  3  4  5  6  7  8  9 10 11 12 13 14 |
---------------+-------------------------------------------+-----
Axes           | 2 3 4 5 6 8 9 11 12 13 14 | 14.5
Fighting       | 4 5 6 7 8 9 11 12 | 12.7
Armour         | 4 5 6 7 8 10 11 12 | 12.8
Shields        | 4 5 6 7 8 10 11 12 | 12.7

Action                   |  1- 3 |  4- 6 |  7- 9 | 10-12 | 13-15 || total
-------------------------+-------+-------+-------+-------+-------++-------
Melee: War axe           |    85 |    98 |   209 |   766 |   438 ||  1596
Invok: Berserk           |       |       |       |     2 |     4 ||     6
Evoke: Wand              |       |       |       |     4 |       ||     4
  Use: Potion            |     2 |       |     2 |     2 |     2 ||     8
       Scroll            |       |       |     6 |    11 |     2 ||    19
 Stab: Distracted        |       |       |       |     1 |       ||     1
Armor: Scale mail        |    25 |       |       |       |       ||    25
       Plate armour      |    27 |    77 |   208 |   614 |   297 ||  1223
Dodge: Dodged            |    41 |    37 |    89 |   273 |   125 ||   565
Block: Buckler           |    20 |    20 |    70 |   227 |   119 ||   456
